Map: [ESL] Site Delta

Players

Scarlett - Winner!

  • Race: Zerg Zerg
  • Spawn Location: 5:00

DRG

  • Race: Zerg Zerg
  • Spawn Location: 11:00

Event: IEM Katowice 2024

VOD

Have the link to the VOD?

Description

Time

  • Played on: Dec. 10, 2023, 6:13 p.m.
  • Length: 6:02

All games in this series

Show
View Real Time Build Order
Export as new Build Order

Scarlett Zerg - Winner!

Build Orders: Hatch First, Zergling Baneling 

Get SALT Encoding   

  12  0:00  Drone  
  13  0:12  Overlord  
  13  0:16  Drone  
  14  0:30  Drone x2  
  16  0:47  Hatchery  
  15  0:50  Drone  
  15  0:53  Drone  
  17  0:57  Drone  
  18  1:08  Extractor  
  17  1:12  Spawning Pool  
  17  1:15  Drone  
  17  1:18  Drone  
  18  1:27  Drone  
  19  1:38  Drone  
  20  1:49  Drone  
  21  1:58  Queen  
  21  1:59  Zergling x2, Queen, Overlord  
  26  2:08  Metabolic Boost  
  26  2:11  Drone x2  
  28  2:21  Zergling x2  
  29  2:23  Drone  
  30  2:34  Drone x2  
  32  2:41  Hatchery  
  31  2:45  Drone, Overlord  
  31  2:50  Queen  
  34  2:56  Drone x2  
  36  3:07  Zergling x12  
  36  3:10  Zergling x2  
  36  3:11  Zergling x2  
  44  3:17  Baneling Nest  
  44  3:19  Overlord  
  43  3:28  Drone  
  44  3:37  Overlord  
  44  3:39  Drone  
  44  3:40  Drone  
  46  3:42  Drone x4  
  50  3:51  Zergling x2  
  51  4:01  Roach Warren, Baneling x2  
  51  4:02  Zergling x10  
  55  4:13  Baneling x2  
  55  4:15  Zergling x16  
  63  4:27  Drone x2, Overlord  
  65  4:35  Baneling x2  
  65  4:36  Zergling x6  
  66  4:40  Overlord  
  66  4:46  Baneling  
  66  4:47  Zergling x16  
  66  4:51  Baneling  
  74  4:55  Overlord x2  
  74  5:03  Zergling x4, Roach  
  74  5:05  Zergling x2  
  79  5:11  Zergling x6  
  82  5:19  Zergling x8  
  86  5:24  Zergling x8  
  90  5:30  Zergling x8  
  90  5:32  Zergling x4  
  90  5:35  Baneling x2  
  95  5:36  Baneling  
  95  5:37  Baneling  
  95  5:38  Zergling x2  
Show
View Real Time Build Order
Export as new Build Order

DRG Zerg 

Build Orders: Hatch First 

Get SALT Encoding   

  12  0:00  Drone  
  13  0:12  Overlord  
  13  0:17  Drone  
  14  0:30  Drone x2  
  16  0:49  Hatchery  
  15  0:51  Drone  
  15  0:55  Drone  
  17  0:58  Drone  
  18  1:09  Extractor  
  17  1:13  Spawning Pool  
  17  1:16  Drone  
  17  1:19  Drone  
  18  1:27  Drone  
  19  1:38  Drone  
  20  1:49  Drone  
  21  2:01  Queen x2  
  21  2:02  Overlord  
  21  2:03  Zergling x2  
  26  2:09  Metabolic Boost  
  26  2:11  Drone  
  26  2:12  Drone  
  28  2:22  Drone  
  29  2:23  Drone  
  30  2:34  Zergling x2  
  30  2:35  Zergling x2  
  32  2:38  Hatchery  
  31  2:44  Queen  
  31  2:49  Overlord  
  33  2:51  Drone  
  33  2:53  Drone  
  35  2:59  Zergling x2  
  35  3:10  Zergling x14  
  42  3:15  Zergling x2  
  43  3:26  Overlord  
  43  3:27  Roach Warren  
  42  3:46  Zergling x16  
  49  3:54  Overlord  
  49  4:00  Overlord  
  49  4:08  Roach  
  49  4:09  Roach x3, Overlord  
  57  4:22  Roach x3  
  62  4:28  Roach x2  
  66  4:33  Roach  
  68  4:39  Overlord  
  68  4:40  Drone x2  
  68  4:44  Roach  
  71  4:49  Extractor  
  70  4:54  Drone x4  
  74  5:04  Drone x2, Baneling Nest  
  75  5:10  Drone x3  
  78  5:14  Drone x2  
  80  5:21  Drone x3  
  80  5:27  Roach x2  
  87  5:32  Evolution Chamber  
  87  5:33  Roach  

Tags
 
Add a new tag
Caveats
  • Supply blocks, unpowered buildings, or Contaminate may cause inaccurate times.
  • Supply counts are checked every 10 seconds.